[Event "Titled Tuesday Blitz August 1 Early 2023"]
[White "Cremisi, Daniel"]
[Black "Carlsen, Magnus"]
[WhiteFideId "2089882"]
[BlackFideId "1503014"]
[WhiteElo "2515"]
[BlackElo "3245"]
[Result "0-1"]
[Round "1"]
[TimeControl "180+1"]
[Date "2023.08.01"]
[WhiteClock "0:00:05"]
[BlackClock "0:00:06"]
[Board "1"]

1. d4 f5 2. Nc3 Nf6 3. Bg5 Nc6 4. Nf3 d6 5. e3 g6 6. Bc4 Bg7 7. a3 h6 8. Bxf6 Bxf6 9. O-O e5 10. dxe5 dxe5 11. Qxd8+ Bxd8 12. Bb5 Bf6 13. Nd5 Kf7 14. Nxc7 Rb8 15. c3 e4 16. Bc4+ Kg7 17. Nd4 Ne5 18. Be2 Bd7 19. Rfd1 a6 20. f4 exf3 21. Nxf3 Ba4 22. Rd2 Ng4 23. Nd5 Rhd8 24. h3 Ne5 25. Nxe5 Bxe5 26. Bf3 Bb3 27. Re1 Rd6 28. e4 Bg3 29. Re3 Rbd8 30. Red3 Be1 31. Re2 Bc4 32. Rxe1 Bxd3 33. Nf4 fxe4 34. Bxe4 Re8 35. Nxd3 Rxd3 36. Kf2 Rd2+ 37. Kf3 Rxb2 38. Rd1 Re6 39. Rd4 Rb3 40. Bd5 Rxc3+ 41. Kf2 Rd6 42. Rd1 Rc5 43. Bf3 Rxd1 44. Bxd1 Rc3 45. Bf3 b5 46. Bb7 Rxa3 0-1


[Site "https://www.chess.com"]

[Event "Titled Tuesday Blitz August 1 Early 2023"]
[White "Naroditsky, Daniel"]
[Black "Gutkin, Ilya"]
[WhiteFideId "2026961"]
[BlackFideId "16203470"]
[WhiteElo "3107"]
[BlackElo "2515"]
[Result "1-0"]
[Round "1"]
[TimeControl "180+1"]
[Date "2023.08.01"]
[WhiteClock "0:00:06"]
[BlackClock "0:00:02"]
[Board "2"]

1. e4 e6 2. d4 d5 3. Nd2 c5 4. Ngf3 cxd4 5. Nxd4 Nc6 6. Bb5 Bd7 7. Nxc6 bxc6 8. Bd3 Bd6 9. Qe2 Qc7 10. Nf3 Bf4 11. O-O Ne7 12. c4 O-O 13. b3 Rfe8 14. Bb2 c5 15. exd5 exd5 16. cxd5 Nxd5 17. Bxh7+ Kxh7 18. Qd3+ Kg8 19. Qxd5 Bc6 20. Qxc5 Bxf3 21. Qxc7 Bxc7 22. gxf3 Re2 23. Bd4 Bb6 24. Rfd1 Bxd4 25. Rxd4 Rc8 26. Re4 Rd2 27. a4 Rcc2 28. Rf1 Rc3 29. b4 Rxf3 30. b5 Ra3 31. Rc1 Rd6 32. Rc8+ Kh7 33. Rh4+ Kg6 34. Rf4 Rf6 35. Rxf6+ Kxf6 36. Rc6+ Kf5 37. Ra6 Kg4 38. Kg2 g5 39. Rxa7 f5 40. h3+ Rxh3 41. b6 f4 42. a5 f3+ 43. Kg1 Rh6 44. Rc7 Rd6 45. Rc1 Kh3 46. b7 Rd8 47. a6 g4 48. a7 g3 49. b8=Q 1-0


[Site "https://www.chess.com"]

[Event "Titled Tuesday Blitz August 1 Early 2023"]
[White "Santos Flores, Alberto"]
[Black "Sarana, Alexey"]
[WhiteFideId "3601234"]
[BlackFideId "24133795"]
[WhiteElo "2513"]
[BlackElo "3101"]
[Result "0-1"]
[Round "1"]
[TimeControl "180+1"]
[Date "2023.08.01"]
[WhiteClock "0:00:00"]
[BlackClock "0:01:26"]
[Board "3"]

1. e4 c5 2. Nf3 d6 3. Bb5+ Bd7 4. Bxd7+ Nxd7 5. c4 Ne5 6. Qa4+ Qd7 7. Qxd7+ Kxd7 8. Nxe5+ dxe5 9. Nc3 e6 10. d3 Ne7 11. f4 exf4 12. Bxf4 Nc6 13. Be3 Be7 14. O-O-O Rad8 15. Rhf1 Rhf8 16. a3 Kc8 17. Kc2 b6 18. Ne2 Bf6 19. g4 Rd7 20. g5 Be5 21. h4 Kd8 22. Bd2 Ke7 23. b4 Rfd8 24. b5 Nb8 25. Bc3 Bxc3 26. Kxc3 Rc7 27. Ng1 Nd7 28. Nf3 Ra8 29. a4 a6 30. Rb1 axb5 31. axb5 Rca7 32. Rb3 Ra2 33. Nd2 Ne5 34. Nf3 Ng4 35. Rfb1 Rf2 36. Nd2 Rh2 37. Rg1 Ne5 38. Rf1 Ra2 39. Rd1 Nf3 0-1


[Site "https://www.chess.com"]

[Event "Titled Tuesday Blitz August 1 Early 2023"]
[White "Firouzja, Alireza"]
[Black "Rodchenkov, Sergey D."]
[WhiteFideId "12573981"]
[BlackFideId "4168712"]
[WhiteElo "3081"]
[BlackElo "2512"]
[Result "1-0"]
[Round "1"]
[TimeControl "180+1"]
[Date "2023.08.01"]
[WhiteClock "0:02:25"]
[BlackClock "0:00:48"]
[Board "4"]

1. d4 d5 2. Bg5 h6 3. Bh4 c5 4. e3 Nc6 5. Nf3 g5 6. Bg3 Bg7 7. c3 Nf6 8. Nbd2 Nh5 9. Be5 Nxe5 10. Nxe5 Nf6 11. Bb5+ Kf8 12. O-O a6 13. Bd3 c4 14. Bc2 h5 15. e4 b5 16. f4 g4 17. Qe2 Bb7 18. Rae1 dxe4 19. Nxe4 Qd5 20. Ng5 Re8 21. Nexf7 Rg8 22. Bg6 h4 23. Ne6+ Qxe6 24. Qxe6 Bd5 25. Ng5 1-0


[Site "https://www.chess.com"]

[Event "Titled Tuesday Blitz August 1 Early 2023"]
[White "Fernandez Lopez, Ruben"]
[Black "Bortnyk, Olexandr"]
[WhiteFideId "24518298"]
[BlackFideId "14120828"]
[WhiteElo "2511"]
[BlackElo "3075"]
[Result "0-1"]
[Round "1"]
[TimeControl "180+1"]
[Date "2023.08.01"]
[WhiteClock "0:01:47"]
[BlackClock "0:02:03"]
[Board "5"]

1. e4 Nf6 2. e5 Nd5 3. d4 d6 4. exd6 exd6 5. c4 Nb6 6. Nc3 Be7 7. Be3 O-O 8. Rc1 Bf5 9. Be2 Nc6 10. h3 Bf6 11. Nf3 Re8 12. O-O h6 13. b3 d5 14. c5 Nc8 15. a3 N8e7 16. b4 a6 17. Qb3 Be4 18. a4 Nf5 19. Rfd1 Bxf3 20. Bxf3 Nxe3 21. fxe3 Rxe3 22. Qxd5 Bxd4 23. Qxd8+ Rxd8 24. Bxc6 Rxc3+ 25. Kh1 Rxc1 26. Rxc1 bxc6 27. Rc4 f5 0-1


[Site "https://www.chess.com"]

[Event "Titled Tuesday Blitz August 1 Early 2023"]
[White "Pranesh M"]
[Black "Sreyas Payyappat"]
[WhiteFideId "35028600"]
[BlackFideId "46674969"]
[WhiteElo "3068"]
[BlackElo "2510"]
[Result "1-0"]
[Round "1"]
[TimeControl "180+1"]
[Date "2023.08.01"]
[WhiteClock "0:00:44"]
[BlackClock "0:00:02"]
[Board "6"]

1. e4 c6 2. d4 d5 3. e5 Bf5 4. Nc3 e6 5. g4 Bg6 6. Nge2 c5 7. h4 h5 8. Nf4 Bh7 9. g5 cxd4 10. Nb5 Bc5 11. Qxh5 d3 12. Bxd3 Bxd3 13. Qxh8 Bxb5 14. Qxg8+ Bf8 15. g6 Qc7 16. a4 Ba6 17. gxf7+ Qxf7 18. Qxf7+ Kxf7 19. Be3 Nc6 20. O-O-O Nxe5 21. Nh3 Kf6 22. Bd4 Kf5 23. Ng5 Rc8 24. Bxe5 Kxe5 25. Rhe1+ Kf5 26. Nxe6 Bb4 27. Rxd5+ Kf6 28. c3 Bc4 29. Rd4 Ba5 30. Rf4+ Kg6 31. Rg1+ Kh7 32. Rxg7+ Kh8 33. Rg6 Bxe6 34. Rxe6 Bc7 35. Rf7 Kg8 36. Ree7 Bb8 37. Rxb7 1-0


[Site "https://www.chess.com"]

[Event "Titled Tuesday Blitz August 1 Early 2023"]
[White "Girya, Olga"]
[Black "Aronian, Levon"]
[WhiteFideId "4195752"]
[BlackFideId "13300474"]
[WhiteElo "2508"]
[BlackElo "3051"]
[Result "0-1"]
[Round "1"]
[TimeControl "180+1"]
[Date "2023.08.01"]
[WhiteClock "0:00:11"]
[BlackClock "0:00:38"]
[Board "7"]

1. d4 Nf6 2. Nf3 g6 3. Bg5 Bg7 4. Nbd2 O-O 5. c3 d6 6. e4 c5 7. dxc5 dxc5 8. Bc4 Nc6 9. O-O h6 10. Be3 b6 11. h3 Qc7 12. Qc2 e6 13. a4 Bb7 14. Rfe1 Rfd8 15. Bf1 Ne7 16. a5 g5 17. Nh2 Ng6 18. f3 Nf4 19. Ng4 Nxg4 20. hxg4 Bc6 21. axb6 axb6 22. Nc4 b5 23. Rxa8 Rxa8 24. Na3 c4 25. Rd1 Bf8 26. Nb1 Be8 27. b3 Bc5 28. Bxc5 Qxc5+ 29. Kh1 h5 30. gxh5 Nxh5 31. bxc4 bxc4 32. Nd2 Ba4 33. Qa2 Kg7 34. Ra1 Ng3+ 35. Kh2 Qf2 0-1


[Site "https://www.chess.com"]

[Event "Titled Tuesday Blitz August 1 Early 2023"]
[White "Andreikin, Dmitry"]
[Black "Khamdamova, Afruza"]
[WhiteFideId "4158814"]
[BlackFideId "14210444"]
[WhiteElo "3039"]
[BlackElo "2507"]
[Result "1-0"]
[Round "1"]
[TimeControl "180+1"]
[Date "2023.08.01"]
[WhiteClock "0:00:34"]
[BlackClock "0:00:00"]
[Board "8"]

1. d4 Nf6 2. c4 e6 3. Nf3 d5 4. Bg5 Be7 5. e3 O-O 6. Nc3 h6 7. Bh4 b6 8. cxd5 Nxd5 9. Bxe7 Qxe7 10. Nxd5 exd5 11. Rc1 Be6 12. Bd3 c5 13. dxc5 bxc5 14. O-O Nd7 15. Qd2 a5 16. h3 Rfc8 17. Bb5 Nf6 18. Rfd1 Qb7 19. a4 Ne4 20. Qe2 c4 21. Nd4 Nc5 22. Qh5 Bd7 23. Rc2 Nd3 24. Rcd2 Bxb5 25. axb5 a4 26. Nf5 Qc7 27. Qg4 Qe5 28. Nxh6+ Kf8 29. Nf5 Rab8 30. Qh5 g6 31. Qh6+ Kg8 32. Nd4 Rb6 33. Ra1 Ra8 34. Qh4 Kg7 35. Ra3 Nc5 36. Nc6 Qd6 37. Qd4+ Kg8 38. Qxd5 Qxd5 39. Ne7+ Kg7 40. Nxd5 Rb7 41. Nc3 Rb6 42. Rd4 Nd3 43. Rxc4 Nxb2 44. Rb4 Nd3 45. Rbxa4 1-0


[Site "https://www.chess.com"]

[Event "Titled Tuesday Blitz August 1 Early 2023"]
[White "Tikhonov, Viacheslav"]
[Black "Pranav, V"]
[WhiteFideId "44196407"]
[BlackFideId "25060783"]
[WhiteElo "2506"]
[BlackElo "3024"]
[Result "0-1"]
[Round "1"]
[TimeControl "180+1"]
[Date "2023.08.01"]
[WhiteClock "0:00:00"]
[BlackClock "0:00:09"]
[Board "9"]

1. d4 Nf6 2. c4 e6 3. Nf3 b6 4. g3 Bb7 5. Bg2 Be7 6. O-O O-O 7. Re1 d5 8. Ne5 Nbd7 9. Nc3 c5 10. cxd5 exd5 11. Nxd7 Qxd7 12. Bg5 Rad8 13. e3 h6 14. Bf4 Rfe8 15. Be5 a6 16. Qa4 Qe6 17. Rad1 Nd7 18. e4 dxe4 19. Bc7 b5 20. Qa5 Rc8 21. d5 Qf6 22. Bh3 Rcd8 23. d6 Ne5 24. dxe7 Nf3+ 25. Kg2 Rxd1 26. Rxd1 e3 27. Nd5 Nh4+ 28. gxh4 Qxf2+ 29. Kh1 Qf3+ 30. Bg2 Qxd1+ 0-1


[Site "https://www.chess.com"]

[Event "Titled Tuesday Blitz August 1 Early 2023"]
[White "Martinez Alcantara, Jose Eduardo"]
[Black "Estrada Nieto, Julian"]
[WhiteFideId "3805662"]
[BlackFideId "5101018"]
[WhiteElo "3019"]
[BlackElo "2505"]
[Result "1-0"]
[Round "1"]
[TimeControl "180+1"]
[Date "2023.08.01"]
[WhiteClock "0:01:54"]
[BlackClock "0:00:00"]
[Board "10"]

1. e4 e5 2. Nf3 Nc6 3. Nc3 Nf6 4. h3 g6 5. Bc4 Bg7 6. d3 O-O 7. Be3 d6 8. a3 Be6 9. Bxe6 fxe6 10. Ne2 d5 11. Ng3 d4 12. Bd2 Nd7 13. O-O a5 14. b4 axb4 15. axb4 Rxa1 16. Qxa1 Qa8 17. Qb2 Qa4 18. Ra1 Qb5 19. Qb3 Nd8 20. Ng5 Re8 21. Ra8 Nf8 22. h4 Nf7 23. Ra5 Qd7 24. Nf3 b6 25. Ra7 Qd6 26. h5 Bh6 27. hxg6 hxg6 28. Nf1 Nd7 29. N1h2 Bxd2 30. Nxd2 Nh6 31. Ndf3 Qc6 32. Ng5 b5 33. Nhf3 Nf7 34. Nxf7 Kxf7 35. Qa2 Kf6 36. Qb1 Rh8 37. g3 Ra8 38. Rxa8 Qxa8 39. Qc1 Qa2 40. Qg5+ Kf7 41. Qd8 Nf6 42. Ng5+ Kg7 43. Qe7+ Kh6 44. Qxf6 Qb1+ 45. Kg2 Qxc2 46. Nf7+ 1-0


[Site "https://www.chess.com"]

[Event "Titled Tuesday Blitz August 1 Early 2023"]
[White "nycjack1"]
[Black "Tabatabaei, M. Amin"]
[BlackFideId "12521213"]
[WhiteElo "2504"]
[BlackElo "3011"]
[Result "1-0"]
[Round "1"]
[TimeControl "180+1"]
[Date "2023.08.01"]
[WhiteClock "0:00:47"]
[BlackClock "0:00:40"]
[Board "11"]

1. e4 c6 2. d4 d5 3. Nc3 dxe4 4. Nxe4 Nf6 5. Nxf6+ exf6 6. c3 Bd6 7. Qc2 O-O 8. Bd3 Re8+ 9. Be3 Bf4 10. O-O-O Bxe3+ 11. fxe3 Rxe3 12. Bxh7+ Kh8 13. Bd3 Bg4 14. Nf3 g6 15. Bxg6 Qf8 16. Bf5 Qh6 17. Kb1 Bxf3 18. gxf3 Na6 19. Be4 Nc7 20. Rdg1 Ne6 21. Rg4 Ng5 22. Qf2 f5 23. Rh4 1-0


[Site "https://www.chess.com"]

[Event "Titled Tuesday Blitz August 1 Early 2023"]
[White "Makarian, Rudik"]
[Black "Hnydiuk, Aleksander"]
[WhiteFideId "44105681"]
[BlackFideId "1109057"]
[WhiteElo "3009"]
[BlackElo "2503"]
[Result "1-0"]
[Round "1"]
[TimeControl "180+1"]
[Date "2023.08.01"]
[WhiteClock "0:00:08"]
[BlackClock "0:00:03"]
[Board "12"]

1. d4 d5 2. c4 c6 3. Nf3 Nf6 4. Qc2 g6 5. cxd5 cxd5 6. Nc3 Bg7 7. Bf4 O-O 8. e3 Nc6 9. Be2 Bf5 10. Qb3 Na5 11. Qb4 Rc8 12. O-O Nh5 13. Be5 f6 14. Bg3 Nxg3 15. hxg3 g5 16. Rac1 e6 17. Nb5 Nc6 18. Qa3 Re8 19. Nxa7 Bf8 20. Nxc6 bxc6 21. Qa4 Qb6 22. Qd1 Qxb2 23. Bd3 Bxd3 24. Qxd3 Qxa2 25. Rc2 Qa7 26. Rfc1 c5 27. dxc5 Rxc5 28. e4 Rec8 29. exd5 Rxc2 30. Rxc2 Rxc2 31. Qxc2 exd5 32. g4 Qa1+ 33. Kh2 Qa6 34. g3 Qe6 35. Qd3 Qe4 36. Qxe4 dxe4 37. Nd2 e3 38. fxe3 Kf7 39. Kg2 Ke6 40. Kf3 f5 41. Nc4 h6 42. gxf5+ Kxf5 43. g4+ Ke6 44. Ke4 Bg7 45. Nd2 Bf6 46. Nf1 Bg7 47. Ng3 Bf8 48. Kf3 Ke5 49. Ne2 Bc5 50. Nc1 Bb6 51. Nd3+ Kd5 52. Nb4+ Ke5 53. Nd3+ Kd5 54. Nf2 Ke5 55. Ne4 Ba7 56. Ng3 Bc5 57. e4 Bd6 58. Nf5 Bf8 59. Ne3 Kd4 60. Nf5+ Ke5 61. Ng3 Kd4 62. Nf1 Ke5 63. Ne3 Bc5 64. Nc4+ Kd4 65. Na5 Ke5 66. Nc6+ Kd6 67. Nd8 Ke5 68. Nf7+ Kd4 69. Nxh6 Bd6 70. Nf5+ Ke5 71. Nh6 Ke6 72. Nf5 Be5 73. Ne3 Bf6 74. Nf1 Be7 75. Nd2 Bd8 76. Nc4 Be7 77. Ke3 Bd8 78. Kd3 Be7 79. Ke3 Bf6 80. Nd2 Be7 81. Nf3 Bd8 82. Kd3 Be7 83. Kd4 Bf6+ 84. e5 Bg7 85. Ke4 Bh6 86. Nd4+ Kf7 87. Kf5 Bf8 88. Ne6 Be7 89. Nxg5+ Kg7 90. Ne6+ Kf7 91. Nf4 Kg7 92. g5 Kf7 93. g6+ Kg7 94. Nh5+ Kg8 95. Nf6+ Kg7 96. Nh5+ Kg8 97. Ke6 Bd8 98. Kd7 Bg5 99. e6 1-0


[Site "https://www.chess.com"]

[Event "Titled Tuesday Blitz August 1 Early 2023"]
[White "feuervogel1000000"]
[Black "Xu, Xiangyu"]
[BlackFideId "8608288"]
[WhiteElo "2503"]
[BlackElo "3004"]
[Result "0-1"]
[Round "1"]
[TimeControl "180+1"]
[Date "2023.08.01"]
[WhiteClock "0:00:10"]
[BlackClock "0:01:49"]
[Board "13"]

1. d4 Nf6 2. c3 g6 3. Nf3 Bg7 4. g3 d5 5. Bg2 c5 6. O-O b6 7. a4 Nc6 8. Nbd2 O-O 9. b3 cxd4 10. cxd4 Ba6 11. Ba3 Qd7 12. Re1 Rfc8 13. Rc1 e6 14. Rc2 Na5 15. Ne5 Qb7 16. Qb1 Rxc2 17. Qxc2 Rc8 18. Qb2 Nc6 19. Nxc6 Qxc6 20. e3 Bf8 21. Bxf8 Kxf8 22. Bf1 Bxf1 23. Kxf1 Qc2 24. Qxc2 Rxc2 25. Rd1 Rb2 26. f3 Ke7 27. Ke2 Rc2 28. Kd3 Rc8 29. g4 h5 30. g5 Ne8 31. f4 Nd6 32. Ra1 a5 33. Rf1 Kd7 34. Rd1 Rc6 35. Ra1 Kc7 36. Rb1 Kb7 37. Ra1 Ka6 38. Rb1 b5 39. Ra1 b4 40. Rb1 Kb6 41. Ke2 Rc3 42. Rb2 Kc6 43. Nf1 Ne4 44. Nd2 Nd6 45. Nb1 Rc1 46. Nd2 Nf5 47. Kd3 Rc3+ 48. Ke2 Rxe3+ 49. Kf2 Kd6 50. Rc2 Nxd4 51. Kxe3 Nxc2+ 52. Kd3 Ne1+ 53. Ke3 Ng2+ 54. Kf3 Nh4+ 55. Ke3 Nf5+ 56. Kd3 Ne7 57. Nf3 Nc6 58. h3 e5 59. fxe5+ Nxe5+ 60. Ke3 Nxf3 0-1


[Site "https://www.chess.com"]

[Event "Titled Tuesday Blitz August 1 Early 2023"]
[White "Kramnik, Vladimir"]
[Black "Lehtosaari, Mauri"]
[WhiteFideId "4101588"]
[BlackFideId "501999"]
[WhiteElo "2995"]
[BlackElo "2502"]
[Result "1-0"]
[Round "1"]
[TimeControl "180+1"]
[Date "2023.08.01"]
[WhiteClock "0:00:24"]
[BlackClock "0:00:00"]
[Board "14"]

1. e4 c5 2. Nf3 e6 3. Be2 Nc6 4. O-O Nf6 5. Nc3 d6 6. d4 cxd4 7. Nxd4 Be7 8. Nxc6 bxc6 9. Qd3 Qa5 10. Bd2 Qc7 11. Qg3 h5 12. h4 g6 13. Bg5 Rb8 14. b3 e5 15. Rad1 Ng4 16. Bxg4 Bxg4 17. f3 Be6 18. Bxe7 Qxe7 19. Rd3 O-O 20. Rfd1 Rfd8 21. Qg5 Qf8 22. Kh2 Rd7 23. Ne2 Rbd8 24. c4 Qg7 25. Nc3 f6 26. Qe3 Qe7 27. Qe1 Kg7 28. R1d2 f5 29. exf5 Bxf5 30. Re3 Qf6 31. Kg1 Re8 32. Rde2 Rde7 33. Qg3 Kh7 34. Kh2 Kh6 35. f4 exf4 36. Qxf4+ Kg7 37. Rxe7+ Rxe7 38. Rxe7+ Qxe7 39. Nd1 Kf6 40. Ne3 Qe5 41. Kg3 Ke6 42. Kf3 Kf6 43. g4 Qxf4+ 44. Kxf4 hxg4 45. Nxg4+ Ke6 46. Ne3 Bb1 47. Kg5 Kf7 48. Ng4 Bxa2 49. c5 dxc5 50. Ne5+ Ke6 51. Nxg6 Bxb3 52. h5 Kf7 53. h6 Bc2 54. h7 1-0


[Site "https://www.chess.com"]

[Event "Titled Tuesday Blitz August 1 Early 2023"]
[White "Megaranto, Susanto"]
[Black "Shubenkova, Veronika"]
[WhiteFideId "7101384"]
[BlackFideId "44124040"]
[WhiteElo "2968"]
[BlackElo "2500"]
[Result "1-0"]
[Round "1"]
[TimeControl "180+1"]
[Date "2023.08.01"]
[WhiteClock "0:01:02"]
[BlackClock "0:01:01"]
[Board "16"]

1. e4 e6 2. Qe2 c6 3. d4 d5 4. Nd2 Nf6 5. c3 Be7 6. Ngf3 b6 7. e5 Nfd7 8. g3 Ba6 9. Qe3 Bxf1 10. Kxf1 c5 11. Kg2 Nc6 12. h4 h6 13. a3 c4 14. h5 Qc7 15. Qe2 b5 16. Nh2 a5 17. f4 a4 18. Ndf3 O-O-O 19. Be3 Kb7 20. Raf1 g6 21. Rf2 Rdg8 22. hxg6 fxg6 23. Ng4 h5 24. Ngh2 Bd8 25. Ng5 Nf8 26. Nhf3 Ne7 27. Nf7 Rh7 28. N3g5 Rhg7 29. g4 hxg4 30. Qxg4 Nf5 31. Nxd8+ Qxd8 32. Bd2 Qe7 33. Kf1 Nh7 34. Nf3 Nf8 35. Rg2 Ka6 36. Rgh2 Ka5 37. Ke2 Qf7 38. Ng5 Qe7 39. Kd1 Ka6 40. Kc1 Ka5 41. Kb1 Ka6 42. Be1 Ka5 43. Bh4 Qd7 44. Nf3 Ka6 45. Bf6 Rf7 46. Ng5 Ka5 47. Rh8 Rxh8 48. Rxh8 Ka6 49. Rg8 Ka5 50. Qh3 Ka6 51. Qh8 b4 52. Nxf7 bxa3 53. Rxf8 axb2 54. Ra8+ Kb6 55. Qb8+ Qb7 1-0


[Site "https://www.chess.com"]

[Event "Titled Tuesday Blitz August 1 Early 2023"]
[White "Shohat, Yotam"]
[Black "Hovhannisyan, Robert"]
[WhiteFideId "2813955"]
[BlackFideId "13302507"]
[WhiteElo "2499"]
[BlackElo "2967"]
[Result "0-1"]
[Round "1"]
[TimeControl "180+1"]
[Date "2023.08.01"]
[WhiteClock "0:00:14"]
[BlackClock "0:00:09"]
[Board "17"]

1. e4 c6 2. d4 d5 3. Nc3 dxe4 4. Nxe4 Bf5 5. Ng3 Bg6 6. Bc4 e6 7. N1e2 Bd6 8. c3 Nd7 9. Nf4 Qc7 10. Qf3 Ngf6 11. h4 Nb6 12. Bb3 Nbd5 13. Nxg6 hxg6 14. Ne4 Nxe4 15. Qxe4 a5 16. a4 Nf6 17. Qe2 Bf4 18. g3 Bxc1 19. Rxc1 g5 20. Qf3 gxh4 21. gxh4 Nh5 22. Rg1 Qf4 23. Qe3 Qxh4 24. d5 cxd5 25. Bxd5 Qe7 26. Bf3 g6 27. Rg5 Nf6 28. Rb5 Nd5 29. Bxd5 exd5 30. Qxe7+ Kxe7 31. Rxb7+ Kf6 32. Rb5 Rh5 33. Kd2 Rf5 34. Rf1 g5 35. Kd3 g4 36. Rg1 Rg8 37. Rxa5 Rxf2 38. Rxd5 Rxb2 39. Rd4 Kf5 40. Rf1+ Ke6 41. Rdf4 g3 42. Rf6+ Ke7 43. Rxf7+ Ke6 44. R7f6+ Ke7 45. R6f3 g2 46. Rg1 Rg5 47. c4 Kd6 48. Re3 Ra2 49. Re2 Ra3+ 50. Ke4 Re5+ 51. Kd4 Rxe2 52. c5+ Kc6 53. a5 Rd2+ 54. Ke4 Rc2 55. a6 Rxc5 56. Rxg2 Ra4+ 57. Kd3 Rxa6 58. Rg6+ Kb5 59. Rg8 Ra3+ 60. Kd2 Ra4 61. Rb8+ Kc4 62. Kc2 Ra2+ 63. Kb1 Rh2 64. Rf8 Rd5 65. Kc1 Rg5 66. Rf4+ Kd5 67. Rf1 Rgg2 68. Kb1 Rb2+ 69. Ka1 Ra2+ 70. Kb1 Rhb2+ 71. Kc1 Ra1+ 0-1


[Site "https://www.chess.com"]

[Event "Titled Tuesday Blitz August 1 Early 2023"]
[White "Bok, Benjamin"]
[Black "Ocelak, Jakub"]
[WhiteFideId "1017063"]
[BlackFideId "23707933"]
[WhiteElo "2953"]
[BlackElo "2498"]
[Result "1-0"]
[Round "1"]
[TimeControl "180+1"]
[Date "2023.08.01"]
[WhiteClock "0:00:09"]
[BlackClock "0:00:03"]
[Board "18"]

1. d4 d5 2. c4 e6 3. Nc3 Nf6 4. cxd5 exd5 5. Bg5 c6 6. e3 Bd6 7. Bd3 O-O 8. Nf3 h6 9. Bh4 Bg4 10. Qb3 Qb6 11. Bxf6 Qxb3 12. axb3 gxf6 13. Nh4 a5 14. Bf5 Bxf5 15. Nxf5 Bb4 16. Nxh6+ Kh7 17. Nf5 Nd7 18. Ke2 Rg8 19. g3 Rae8 20. h3 Nf8 21. Kd3 Ne6 22. h4 Rd8 23. Rhc1 Ra8 24. Ne2 Ra6 25. f3 Rb6 26. g4 Rc8 27. Neg3 Bf8 28. Rc3 Bb4 29. Rc2 Bf8 30. Rxa5 Rxb3+ 31. Ke2 Re8 32. Kf2 Nc7 33. Nh5 Kg6 34. Ra1 Na6 35. Nf4+ Kh7 36. g5 Nb4 37. Rd2 c5 38. gxf6 cxd4 39. exd4 Bh6 40. Nxh6 Kxh6 41. Rg1 Ree3 42. Rg3 Nc6 43. Nxd5 Red3 44. Rxd3 Rxd3 45. Ne7 Nxd4 46. b4 Rb3 47. f4 Rxb4 48. Rg5 Rb2+ 49. Ke3 Nc2+ 50. Kd3 Ne1+ 51. Kc3 Rc2+ 52. Kb3 Rf2 53. Ng8+ Kh7 54. Rg7+ Kh8 55. Nh6 Rxf4 56. Nxf7# 1-0


[Site "https://www.chess.com"]

[Event "Titled Tuesday Blitz August 1 Early 2023"]
[White "Mortazavi, Ali"]
[Black "Shimanov, Aleksandr"]
[WhiteFideId "401323"]
[BlackFideId "4198603"]
[WhiteElo "2497"]
[BlackElo "2953"]
[Result "0-1"]
[Round "1"]
[TimeControl "180+1"]
[Date "2023.08.01"]
[WhiteClock "0:00:00"]
[BlackClock "0:00:54"]
[Board "19"]

1. Nf3 d5 2. g3 Nc6 3. Bg2 e5 4. d3 Nf6 5. O-O Be7 6. a3 a5 7. b3 O-O 8. Bb2 Bd6 9. c4 Re8 10. cxd5 Nxd5 11. Nc3 Nxc3 12. Bxc3 Qe7 13. Bb2 Bd7 14. Nd2 h5 15. e3 h4 16. Qh5 hxg3 17. fxg3 Qe6 18. Ne4 Be7 19. Rf2 Rf8 20. Raf1 Qg4 21. Qxg4 Bxg4 22. Rc1 Rad8 23. Rd2 f5 24. Nc5 Bg5 25. Re1 f4 26. exf4 exf4 27. h4 Bh6 28. gxf4 Bxf4 29. Rf2 Bg3 30. Rxf8+ Rxf8 31. Bd5+ Kh8 32. Re4 Bh3 0-1


[Site "https://www.chess.com"]

[Event "Titled Tuesday Blitz August 1 Early 2023"]
[White "Hakobyan, Aram"]
[Black "Makkar, Rajat"]
[WhiteFideId "13306677"]
[BlackFideId "36016810"]
[WhiteElo "2947"]
[BlackElo "2497"]
[Result "1-0"]
[Round "1"]
[TimeControl "180+1"]
[Date "2023.08.01"]
[WhiteClock "0:00:43"]
[BlackClock "0:00:56"]
[Board "20"]

1. e4 e5 2. Nf3 Nc6 3. Nc3 Nf6 4. Nd5 Nxd5 5. exd5 Ne7 6. Nxe5 Nxd5 7. Bc4 c6 8. O-O Bd6 9. d4 O-O 10. Qf3 Bxe5 11. dxe5 Nb6 12. Bd3 d6 13. Rd1 d5 14. Qg3 f6 15. exf6 Qxf6 16. Bg5 Qf7 17. Re1 Be6 18. Re3 Rae8 19. Rae1 d4 20. R3e2 c5 21. Bb5 Bd7 22. Re7 Bxb5 23. h3 Rxe7 24. Rxe7 Qg6 25. Rxb7 Bc6 26. Rxa7 Nc4 27. b3 Nd6 28. Be7 Qxg3 29. fxg3 Nc8 30. Bxf8 Nd6 31. Bxd6 1-0


[Site "https://www.chess.com"]

[Event "Titled Tuesday Blitz August 1 Early 2023"]
[White "Grossboss19"]
[Black "Terry, Renato"]
[BlackFideId "3803457"]
[WhiteElo "2493"]
[BlackElo "2945"]
[Result "0-1"]
[Round "1"]
[TimeControl "180+1"]
[Date "2023.08.01"]
[WhiteClock "0:00:07"]
[BlackClock "0:00:10"]
[Board "21"]

1. Nf3 d5 2. g3 Nf6 3. Bg2 c6 4. O-O Bg4 5. d4 Nbd7 6. c4 e6 7. Qb3 Qb6 8. h3 Bh5 9. c5 Qxb3 10. axb3 a6 11. b4 Be7 12. g4 Bg6 13. Bf4 h5 14. Nh2 hxg4 15. hxg4 Ne4 16. f3 Ng5 17. Nd2 O-O-O 18. Rfc1 Bf6 19. Nb3 e5 20. dxe5 Nxe5 21. Na5 Ne6 22. Be3 d4 23. Bd2 d3 24. e3 Bh4 25. f4 Bf6 26. g5 Nxg5 27. fxg5 Bxg5 28. Rf1 Bf6 29. Rae1 Rh4 30. Nf3 Nxf3+ 31. Rxf3 Rdh8 32. Bc3 Bxc3 33. bxc3 Rd8 34. Nc4 d2 35. Rd1 Bh5 36. Rxd2 Rxc4 37. Rxd8+ Kxd8 38. Rh3 g6 39. e4 f5 40. Re3 f4 41. Rd3+ Ke7 42. Kf2 g5 43. Bf3 g4 44. Be2 g3+ 45. Ke1 g2 46. Kf2 Bxe2 47. Rh3 f3 48. Rh7+ Kf6 49. Rh6+ Ke5 50. Rh5+ Kxe4 51. Rh4+ Kd3 52. Rxc4 Kxc4 0-1


[Site "https://www.chess.com"]

[Event "Titled Tuesday Blitz August 1 Early 2023"]
[White "Zakhartsov, Vladimir"]
[Black "Molenda, Marcin"]
[WhiteFideId "4145097"]
[BlackFideId "1173065"]
[WhiteElo "2942"]
[BlackElo "2493"]
[Result "1-0"]
[Round "1"]
[TimeControl "180+1"]
[Date "2023.08.01"]
[WhiteClock "0:00:07"]
[BlackClock "0:00:00"]
[Board "22"]

1. d4 d5 2. c4 e6 3. Nf3 Nf6 4. Nc3 Be7 5. Bf4 O-O 6. e3 c6 7. Bd3 Nbd7 8. O-O Nh5 9. Be5 Nxe5 10. dxe5 g6 11. Qe2 Ng7 12. Rfd1 b6 13. cxd5 exd5 14. Rac1 Be6 15. Nd4 c5 16. Nc6 Qc7 17. Bb5 Bg5 18. Nxd5 Bxd5 19. Rxd5 a6 20. Ba4 b5 21. Rdxc5 bxa4 22. f4 Be7 23. R5c4 a3 24. b4 Qb7 25. Qd3 Ne6 26. Qxa3 Rfe8 27. Qc3 Bf8 28. a3 Ng7 29. Nd4 Ne6 30. Nc6 Ng7 31. g4 h5 32. h3 hxg4 33. hxg4 Qd7 34. Qc2 Qxg4+ 35. Qg2 Qf5 36. Nd4 Qd3 37. R4c3 Qxc3 38. Rxc3 a5 39. b5 a4 40. b6 Rab8 41. b7 Re7 42. Nc6 Rbxb7 43. Nxe7+ Bxe7 44. Qxb7 1-0


[Site "https://www.chess.com"]

[Event "Titled Tuesday Blitz August 1 Early 2023"]
[White "Kiremitciyan, Ari"]
[Black "Zemlyanskii, Ivan"]
[WhiteFideId "6373445"]
[BlackFideId "24249971"]
[WhiteElo "2492"]
[BlackElo "2941"]
[Result "0-1"]
[Round "1"]
[TimeControl "180+1"]
[Date "2023.08.01"]
[WhiteClock "0:00:44"]
[BlackClock "0:01:31"]
[Board "23"]

1. Nf3 d5 2. e3 Nf6 3. b3 c5 4. Bb2 e6 5. c4 Nc6 6. cxd5 exd5 7. Be2 Be7 8. O-O O-O 9. d4 cxd4 10. Nxd4 Bd6 11. Nd2 Bd7 12. Rc1 Qe7 13. Nxc6 bxc6 14. Bd3 Rfe8 15. Qf3 Bg4 16. Bxf6 Qe6 17. Bf5 Bxf5 0-1


[Site "https://www.chess.com"]